 Dungeon Crawl Stone Soup version 0.20.1-1-g8b1a95d (webtiles) character file.

736845 OneorTwo the Skullcrusher (level 27, -1/273 HPs)
             Began as a Minotaur Fighter on Aug 10, 2017.
             Was the Champion of Okawaru.
             Killed from afar by an electric golem (41 damage)
             ... with a bolt of lightning
             ... on level 5 of the Realm of Zot on Aug 16, 2017.
             The game lasted 05:57:55 (70922 turns).

OneorTwo the Skullcrusher (Minotaur Fighter)       Turns: 70922, Time: 05:57:56

Health: -1/273     AC: 47    Str: 31    XL:     27
Magic:  29/29      EV:  5    Int:  8    God:    Okawaru [******]
Gold:   8381       SH: 46    Dex: 21    Spells: 26/26 levels left

rFire    + + .     SeeInvis .   b - +9 demon whip (flame)
rCold    + + .     Gourm    .   I - +10 large shield of Ignorance {rN+ Int-4}
rNeg     + . .     Faith    .   C - +7 gold dragon scales
rPois    +         Spirit   .   Z - +2 hat {Int+3}
rElec    .         Reflect  +   v - +2 cloak {MR+}
rCorr    .         Harm     .   J - +0 pair of fencer's gloves {+Riposte Dex+3}
MR       +++..     Rnd*Rage +   P - +3 pair of boots of Bitterness {Int+4 Slay+3}
Stlth    ..........             R - amulet "Ajoux" {Reflect rC+ SH+3}
Regen    0.0/turn               x - ring "Ixof" {rF+ Dex+7}
MPRegen  0.3/turn               (no ring)

@: very slightly contaminated, constricted
A: retaliatory headbutt, hooves 1, horns 2, large bone plates 1, berserk 1,
clumsy 1, deterioration 1, low mp 2, screaming 1, inhibited regeneration,
subdued magic 1, MP-powered wands
}: 3/15 runes: serpentine, barnacled, silver
a: Heroism, Finesse, Renounce Religion


You were on level 5 of the Realm of Zot.
You worshipped Okawaru.
Okawaru was exalted by your worship.
You were hungry.

You visited 11 branches of the dungeon, and saw 51 of its levels.
You visited the Abyss 1 time.
You visited 1 bazaar.
You visited 1 ziggurat, and saw 10 of its levels.
You also visited: Labyrinth and Ice Cave.

You collected 11065 gold pieces.
You spent 2684 gold pieces at shops.

Inventory:

Hand Weapons
 b - a +9 demon whip of flaming (weapon)
 S - the +9 morningstar "Leazekon" {crush, Str+2 Dex+5}
   (Okawaru gifted it to you on level 3 of the Realm of Zot)

   It inflicts extra damage upon your enemies.
   It affects your strength (+2).
   It affects your dexterity (+5).
Missiles
 a - 26 poisoned javelins (quivered)
Armour
 v - a +2 cloak of magic resistance (worn)
 C - +7 gold dragon scales (worn)
 I - the +10 large shield of Ignorance (worn) {rN+ Int-4}
   (Okawaru gifted it to you on level 11 of the Dungeon)

   It affects your intelligence (-4).
   It protects you from negative energy.
 J - the +0 pair of fencer's gloves (worn) {+Riposte Dex+3}
   (You found it on level 5 of the Vaults)

   It affects your dexterity (+3).
 P - the +3 pair of boots of Bitterness (worn) {Int+4 Slay+3}
   (Okawaru gifted it to you on level 12 of the Dungeon)

   It affects your intelligence (+4).
   It affects your accuracy and damage with ranged weapons and melee attacks
   (+3).
 Z - a +2 hat of intelligence (worn)
Jewellery
 l - the ring "Zouhego" {-Tele rPois rN+ MP+9 Slay+5}
   (You acquired it on level 6 of the Lair of Beasts)

   [ring of magical power]

   It affects your accuracy and damage with ranged weapons and melee attacks
   (+5).
   It protects you from poison.
   It protects you from negative energy.
   It affects your magic capacity (+9).
   It prevents most forms of teleportation.
 x - the ring "Ixof" (left hand) {rF+ Dex+7}
   (You found it on level 5 of the Dungeon)

   [ring of protection from fire]

   It affects your dexterity (+7).
   It protects you from fire.
 R - the amulet "Ajoux" (around neck) {Reflect rC+ SH+3}
   (You found it on level 1 of the Depths)

   [amulet of reflection]

   It shields you and reflects attacks.
   It protects you from cold.
   It affects your SH (+3).
Wands
 e - a wand of scattershot (1/9)
 g - a wand of flame (20/48)
 p - a wand of enslavement (9/24)
 q - a wand of acid (1/15)
 z - a wand of iceblast (4/15)
 E - a wand of digging (13/24)
 G - a wand of disintegration (12/24)
 O - a wand of lightning (4/15)
 U - a wand of clouds (2/9)
 V - a wand of iceblast (4/15)
Scrolls
 k - 6 scrolls of magic mapping
 m - 6 scrolls of fog
 o - a scroll of silence
 r - 31 scrolls of teleportation
 u - 8 scrolls of recharging
 y - 4 scrolls of enchant weapon
 D - 33 scrolls of remove curse
 K - 24 scrolls of identify
 L - 5 scrolls of fear
 Q - 7 scrolls of blinking
Potions
 c - 9 potions of agility
 h - 2 potions of haste
 i - 6 potions of heal wounds
 A - 16 potions of curing
 B - 6 potions of cancellation
 F - a potion of invisibility
 H - 10 potions of flight
 T - a potion of resistance
 X - 5 potions of might
Miscellaneous
 d - the horn of Geryon
 s - a lightning rod (4/4)
 t - 4 boxes of beasts
 Y - 2 phantom mirrors
Comestibles
 f - 28 bread rations
 j - 6 royal jellies
 n - 81 fruits
 w - 40 meat rations


   Skills:
 O Level 27 Fighting
 O Level 27 Maces & Flails
 O Level 27 Armour
 + Level 26.9 Shields
 + Level 21.2 Evocations


You had 26 spell levels left.
You didn't know any spells.

Dungeon Overview and Level Annotations

Branches:
Dungeon (15/15)            Temple (1/1) D:7            Lair (6/6) D:8
 Shoals (4/4) Lair:2        Snake (4/4) Lair:3        Slime (0/5) Lair:6
    Orc (2/2) D:9             Elf (3/3) Orc:2        Vaults (5/5) D:14
  Crypt (0/3) Vaults:3     Depths (5/5) D:15           Hell (1/1)
    Dis (0/7) Hell            Geh (0/7) Hell            Coc (0/7) Hell
    Tar (0/7) Hell            Zot (5/5) Depths:5

Altars:
Ashenzari
Cheibriados
Dithmenos
Elyvilon
Fedhas
Gozag
Hepliaklqana
Kikubaaqudgha
Nemelex Xobeh
Okawaru
Trog
Uskayaw
Vehumet
Xom
Yredelemnul
Beogh

Shops:
D:9 (   D:12 (   D:13 %(   Orc:2 **[*   Elf:1 !}=}   Elf:2 [   Elf:3 *
Snake:3 !(   Vaults:2 =   Vaults:4 :   Zot:2 *

Portals:
Hell: Depths:1 Depths:2 Depths:3 Depths:4 Depths:5
Abyss: Depths:1 Depths:2 Depths:4 Depths:5
Pandemonium: Depths:3

Annotations:
Zot:5 exclusion: obsidian statue


Innate Abilities, Weirdness & Mutations

You reflexively headbutt those who attack you in melee.
You have a pair of horns on your head.
You have large cloven feet.
You are partially covered in large bone plates. (SH +4)
You tend to lose your temper in combat.
You are clumsy. (Dex -2)
Your body sometimes deteriorates upon taking damage.
Your magical capacity is very low. (-20% MP)
You occasionally shout uncontrollably at your foes.
You do not regenerate when monsters are visible.
Your spells are a little easier to cast, but a little less powerful.
You expend magic power (3 MP) to strengthen your wands.


Message History

You block the tentacled monstrosity's attack.
The tentacled monstrosity tentacle-slaps you but does no damage.
You block the tentacled monstrosity's attack.
The tentacled monstrosity constricts you.
You hear a distant "Zot"!
You block the quicksilver dragon's attack. x2
A Killer Klown comes into view.
Put on which piece of jewellery? (? for menu, Esc to quit)
Okay, then.
You remove the ring "Zouhego" {-Tele rPois rN+ MP+9 Slay+5}.
You feel your magic capacity decrease.
The electric golem hurls lightning at you.
The bolt of lightning hits you!
* * * LOW HITPOINT WARNING * * *
The Killer Klown blinks!
You feel much better.
You block the quicksilver dragon's attack. x2
The electric golem hurls lightning at you.
The bolt of lightning hits you!
You die...

#▓▓▓▓▓▓▓▓▓▓▓##8
###...(..........
##....##.....(..(..
#########...###.@.^...p.[..
...........###.XD§^....8...
......^...## #.....p((..(..
..........# #.............
.........## #....(.....(..
.........# #....)^..^....
.........## #.............
......^...# ##^.^.........
..........# ##.^.........


You could see 2 Killer Klowns, an electric golem, a tentacled monstrosity and a
quicksilver dragon.

Vanquished Creatures
  3 ancient liches
  6 orbs of fire
  Mennas (Depths:5)
  A pandemonium lord (Zig:9)
  2 greater mummies
  Saint Roka (Elf:3)
  Sojobo (Depths:5)
  Boris (Depths:5)
  Margery (Vaults:4)
  5 Killer Klowns
  3 curse toes
  7 golden dragons
  Geryon (Hell)
  Nikola (Shoals:1)
  3 caustic shrikes
  Jory (Vaults:3)
  The ghost of SirMumm the Devastator, a veteran GrWz of Okawaru (Vaults:4)
  An iron giant (Zig:1)
  3 bone dragons
  Jorgrun (Depths:5)
  2 electric golems
  A Brimstone Fiend (Zig:9)
  15 tentacled monstrosities
  5 liches
  2 Ice Fiends
  10 Orb Guardians (Zot:5)
  Polyphemus (Shoals:4)
  A deep elf master archer (Elf:3)
  11 quicksilver dragons
  6 sphinxes
  4 titans
  2 ancient champions
  Murray (Hell)
  Frances (Shoals:1)
  10 death cobs
  Kirke (D:13)
  A kraken (Shoals:4)
  10 tengu reavers
  4 tentacled starspawn (Abyss:2)
  6 shadow dragons
  10 nagarajas (Snake:4)
  2 draconian monks
  Ilsuiw (Shoals:4)
  Donald (Shoals:2)
  18 storm dragons
  16 frost giants
  12 fire giants
  A fire giant (shapeshifter) (Vaults:5)
  The ghost of Iskender the Devastator, an adept OpVM of Vehumet (Shoals:4)
  A cacodemon (Hell)
  5 draconian knights
  4 deep elf sorcerers
  19 vault wardens
  A ghost moth (Zot:4)
  A curse skull (Zot:3)
  4 iron dragons (Vaults:5)
  A juggernaut zombie (Zig:10)
  Aizul (Snake:1)
  3 balrugs
  Louise (Depths:4)
  2 deep elf elementalists (Elf:3)
  6 draconian shifters
  6 draconian stormcallers
  9 draconian scorchers
  7 war gargoyles
  29 very ugly things
  2 ghouls
  4 reapers
  17 ironheart preservers
  8 draconian annihilators
  27 stone giants
  A spriggan defender (Depths:3)
  The ghost of teo the Geomancer, a journeyman GrEE of Vehumet (D:12)
  2 entropy weavers
  A yellow draconian (shapeshifter) (Zot:3)
  8 vampire knights
  4 deep elf demonologists
  12 deep elf annihilators
  Nessos (D:13)
  3 lorocyprocas
  17 yellow draconians
  A black draconian (shapeshifter) (Zot:3)
  16 black draconians
  A purple draconian (shapeshifter) (Zot:3)
  A white draconian (shapeshifter) (Zot:3)
  2 spark wasps (Depths:2)
  4 green draconians
  A dire elephant (Zig:7)
  13 purple draconians
  13 red draconians
  2 white draconians
  Snorg (D:11)
  16 ettins
  A minotaur (Lab)
  9 deep elf death magi
  An eidolon (Zig:6)
  3 crystal guardians
  7 merfolk javelineers
  Josephine (D:13)
  7 blizzard demons
  A green death (Depths:1)
  6 mummy priests
  5 deep elf high priests (Elf:3)
  9 fire dragons
  6 merfolk impalers
  15 ogre magi
  16 great orbs of eyes
  10 rakshasas
  Erolcha (D:13)
  15 yaktaur captains
  The ghost of Necrophagist the Cleaver, a journeyman HOFi of Okawaru (D:9)
  The ghost of Necrophagist the Cleaver, a journeyman HOFi of Okawaru (D:11)
  47 vault guards
  19 naga warriors
  3 hell beasts (Zig:9)
  A monstrous demonspawn (Zig:9)
  2 spriggan air magi
  6 catoblepae
  10 hydras
  13 ice dragons
  6 merfolk avatars
  5 satyrs (Shoals:4)
  2 death knights
  11 anacondas
  3 merfolk aquamancers (Shoals:4)
  11 centaur warriors
  34 dancing weapons
  The ghost of SirMumm the Destroyer, a journeyman GrWz of Okawaru (D:11)
  2 death scarabs
  A vampire mage (Zig:6)
  18 death yaks
  5 deep troll earth magi
  6 deep troll shamans
  33 two-headed ogres
  2 thrashing horrors (Abyss:2)
  4 orc high priests (Orc:2)
  2 soul eaters
  5 tengu warriors
  2 iron golems
  14 naga sharpshooters
  6 hell knights
  4 sun demons
  6 shock serpents
  Sonja (D:15)
  36 deep elf knights
  7 spriggan berserkers
  9 salamander mystics
  3 iron trolls (Depths:1)
  20 skeletal warriors
  22 slime creatures
  16 starcursed masses (Abyss:2)
  5 unseen horrors
  A sixfirhy (Hell)
  10 glowing orange brains
  2 shadow wraiths
  An anaconda zombie (Hell)
  A gelid demonspawn (Zig:9)
  A storm dragon skeleton (Zig:10)
  20 deep trolls
  11 sea snakes
  A death drake (shapeshifter) (Depths:2)
  5 flayed ghosts
  9 naga ritualists
  An orange crystal statue (Zig:8)
  27 deep elf archers
  A tengu zombie (Vaults:3)
  4 phantasmal warriors
  6 wizards
  A swamp dragon (Vaults:2)
  17 ironbrand convokers
  4 necromancers
  10 mana vipers
  A wolf spider (Vaults:1)
  16 orc knights
  25 harpies
  A frost giant zombie (Zig:10)
  9 orc sorcerers
  44 ugly things
  5 oklob plants (Zig:10)
  11 fauns
  2 orb spiders (Zot:3)
  A tengu skeleton (Vaults:3)
  7 cyclopes
  10 manticores
  83 deep elf magi
  26 moths of wrath
  14 salamanders
  6 elephants
  A worldbinder (Abyss:2)
  An iron dragon skeleton (Zig:3)
  12 merfolk sirens
  27 black mambas
  A frost giant skeleton (Zig:10)
  8 rust devils
  2 ice statues
  13 guardian serpents
  2 smoke demons (Abyss:2)
  6 water nymphs
  A water nymph (shapeshifter) (Elf:3)
  3 molten gargoyles (Hell)
  23 vault sentinels
  2 eyes of devastation (shapeshifter)
  21 naga magi
  An eye of devastation (Vaults:2)
  13 spiny frogs
  A guardian serpent (shapeshifter) (Depths:4)
  An orange demon (Zig:9)
  A gargoyle (D:11)
  A spiny frog (shapeshifter) (Vaults:1)
  2 rime drakes
  6 komodo dragons
  A hellion (Hell)
  An emperor scorpion zombie (Hell)
  2 torpor snails
  50 yaktaurs
  A rime drake (shapeshifter) (Elf:1)
  A demonic crawler (Depths:1)
  12 ice devils
  16 freezing wraiths
  6 anaconda simulacra (IceCv)
  A komodo dragon (shapeshifter) (Vaults:3)
  An ancient zyme (Abyss:2)
  2 human skeletons (Vaults:3)
  2 guardian mummies (Zig:10)
  5 red devils
  2 harpy zombies (Zot:3)
  3 meliai (D:15)
  A polar bear (Lair:6)
  A hydra zombie (Hell)
  2 tengu conjurers
  A jumping spider (shapeshifter) (Vaults:5)
  A meliai (shapeshifter) (Depths:4)
  28 merfolk
  A troll (shapeshifter) (D:15)
  5 wind drakes
  A tyrant leech (shapeshifter) (Vaults:5)
  A wolf spider simulacrum (IceCv)
  A hornet (shapeshifter) (Vaults:2)
  A wind drake (shapeshifter) (Vaults:4)
  A shadow dragon simulacrum (Hell)
  6 trolls
  A harpy skeleton (D:15)
  A hippogriff (shapeshifter) (Vaults:1)
  An ettin zombie (Vaults:3)
  8 hornets
  2 blink frogs (shapeshifter)
  A tengu simulacrum (Vaults:1)
  A dream sheep (shapeshifter) (Depths:2)
  A raiju (shapeshifter) (Depths:2)
  A hydra skeleton (Hell)
  18 dream sheep
  A spriggan zombie (Zig:5)
  5 blink frogs
  2 raiju (Zot:3)
  An ice dragon zombie (Hell)
  9 hippogriffs
  9 redbacks
  Sigmund (D:2)
  A deep troll skeleton (Zig:3)
  8 snapping turtles
  6 spriggans
  7 flying skulls
  An ice dragon skeleton (Hell)
  2 tarantellas (Vaults:5)
  14 water elementals
  5 air elementals
  3 ynoxinuls
  2 ushabtiu
  3 wyverns
  4 dire elephant simulacra (IceCv)
  10 wraiths
  A human (D:13)
  55 yaks
  A yak (shapeshifter) (Vaults:1)
  Eustachio (D:4)
  4 chaos spawn (Depths:2)
  5 hogs (D:13)
  3 basilisks
  8 fire elementals
  6 hungry ghosts
  6 vampire mosquitoes
  An insubstantial wisp (Abyss:2)
  5 harpy simulacra (IceCv)
  7 wargs
  73 nagas
  4 iron troll simulacra (IceCv)
  An acid dragon (shapeshifter) (Elf:3)
  4 acid dragons
  2 soldier ants
  12 large abominations
  10 porcupines
  2 spiny frog zombies (Hell)
  16 water moccasins
  An ice beast (shapeshifter) (Vaults:5)
  A sky beast (shapeshifter) (Depths:2)
  4 ice beasts
  4 sky beasts
  2 black bears (shapeshifter)
  40 orc warriors
  2 ettin simulacra
  2 eyes of draining
  A black bear (Lair:3)
  5 necrophages
  An alligator simulacrum (IceCv)
  6 wolves
  41 ogres
  A phantom (D:6)
  14 boggarts
  12 crocodiles
  27 centaurs
  5 big kobolds
  Blork the orc (D:6)
  18 bullfrogs
  3 gnoll sergeants (D:9)
  A glowing shapeshifter simulacrum (Vaults:1)
  4 earth elementals
  2 scorpions
  9 small abominations
  A swamp dragon simulacrum (Hell)
  24 killer bees
  A troll skeleton (Lab)
  9 jellies
  16 wights
  2 spriggan skeletons
  4 howler monkeys
  2 bullfrog zombies
  14 crimson imps
  3 draconian simulacra (IceCv)
  A quasit (D:15)
  11 centaur skeletons
  3 centaur zombies
  23 orc priests
  5 hounds
  2 bullfrog skeletons
  Jessica (D:2)
  6 iguanas
  Ijyb (D:3)
  Terence (D:3)
  26 orc wizards
  A spriggan simulacrum (IceCv)
  18 hell rats
  10 worker ants
  2 troll simulacra (IceCv)
  A killer bee zombie (D:9)
  2 hound zombies
  11 mummies
  Robin (D:3)
  2 worker ant zombies (D:11)
  An adder (shapeshifter) (Vaults:5)
  10 gnolls
  9 adders
  A river rat (D:3)
  A naga simulacrum (IceCv)
  A shadow imp (D:13)
  7 white imps
  14 ufetubi (IceCv)
  3 oozes (Lair:6)
  A worm (D:2)
  2 dart slugs
  9 leopard geckos
  141 orcs
  3 ball pythons
  5 giant cockroaches
  17 goblins
  8 hobgoblins
  13 jackals
  10 kobolds
  5 quokkas
  3 bats (D:3)
  6 frilled lizards
  A jackal zombie (D:5)
  A leopard gecko skeleton (D:7)
  3 leopard gecko zombies
  A quokka zombie (D:9)
  5 rats
  A butterfly (Zot:3)
  5 plants
  5 starspawn tentacles (Abyss:2)
  3 tentacles (Shoals:4)
2759 creatures vanquished.

Vanquished Creatures (collateral kills)
  2 hippogriffs (Zig:7)
2 creatures vanquished.

Vanquished Creatures (others)
  A stone giant (Depths:1)
  A red draconian (Depths:5)
  A spark wasp (Depths:2)
  A yaktaur captain (Depths:1)
  A rakshasa (Depths:1)
  2 vault guards (Vaults:1)
  A centaur warrior (Depths:2)
  An ogre mage (Vaults:1)
  A deep elf knight (Elf:2)
  An orc knight (Vaults:1)
  A cyclops (Vaults:1)
  A moth of wrath (Zot:5)
  6 yaktaurs
  A polar bear (Lair:6)
  A merfolk (Zig:8)
  An orc warrior (Vaults:2)
  An ogre (Vaults:1)
  An orc (Vaults:2)
  2 bushes (Lair:4)
  6 fungi
  A lurking horror (Abyss:2)
  52 plants
  6 starspawn tentacles (Abyss:2)
  4 tentacles (Shoals:4)
95 creatures vanquished.

Grand Total: 2856 creatures vanquished

Notes
Turn   | Place    | Note
-------+----------+-------------------------------------------
     0 | D:1      | OneorTwo the Minotaur Fighter began the quest for the Orb.
     0 | D:1      | Reached XP level 1. HP: 19/19 MP: 0/0
    44 | D:1      | Reached XP level 2. HP: 22/27 MP: 1/1
   821 | D:1      | Reached XP level 3. HP: 32/33 MP: 2/2
   909 | D:2      | Noticed Sigmund
   918 | D:2      | Killed Sigmund
   918 | D:2      | Reached skill level 5 in Fighting
   918 | D:2      | Reached skill level 5 in Maces & Flails
   918 | D:2      | Reached XP level 4. HP: 29/42 MP: 3/3
   918 | D:2      | Reached XP level 5. HP: 33/48 MP: 4/4
  1327 | D:2      | Noticed Jessica
  1333 | D:2      | Killed Jessica
  1546 | D:2      | Found a blossoming altar of Fedhas.
  1664 | D:3      | Noticed Ijyb
  1679 | D:3      | Killed Ijyb
  1679 | D:3      | Reached XP level 6. HP: 49/56 MP: 5/5
  2006 | D:3      | Found a glowing drain.
  2637 | D:3      | Noticed Terence
  2640 | D:3      | Noticed Robin
  2643 | D:3      | Killed Terence
  2663 | D:3      | Killed Robin
  2768 | D:3      | Found a faded altar of an unknown god.
  2942 | D:4      | Reached XP level 7. HP: 47/63 MP: 6/6
  3035 | D:4      | Noticed Eustachio
  3061 | D:4      | Killed Eustachio
  3302 | D:4      | Found a blossoming altar of Fedhas.
  3544 | D:5      | Entered Level 5 of the Dungeon
  3552 | D:5      | Got a translucent granite ring
  3553 | D:5      | Identified the ring "Ixof" {rF+ Dex+7} (You found it on level 5 of the Dungeon)
  3771 | D:5      | Found an ancient bone altar of Kikubaaqudgha.
  3790 | D:5      | Reached XP level 8. HP: 73/73 MP: 7/7
  3970 | D:5      | Reached skill level 10 in Maces & Flails
  4128 | D:6      | Found a sparkling altar of Nemelex Xobeh.
  4215 | D:6      | Gained mutation: You have large cloven feet. [mutagenic meat]
  4216 | D:6      | Gained mutation: You are partially covered in large bone plates. (SH +4) [mutagenic meat]
  4513 | D:6      | Noticed Blork the orc
  4519 | D:6      | Killed Blork the orc
  4815 | D:6      | Reached XP level 9. HP: 75/82 MP: 8/8
  5162 | D:7      | Got a translucent leather armour
  5173 | D:7      | Identified the cursed +1 leather armour of Least Resistance {*Contam rC+ MR+ Regen+} (You found it on level 7 of the Dungeon)
  5229 | D:7      | Found a staircase to the Ecumenical Temple.
  5240 | Temple   | Entered the Ecumenical Temple
  5250 | Temple   | Became a worshipper of Warmaster Okawaru
  5366 | D:7      | Reached skill level 5 in Armour
  5423 | D:7      | Reached skill level 5 in Shields
  5430 | D:7      | Gained mutation: You expend magic power (3 MP) to strengthen your wands. [mutagenic glow]
  5929 | D:8      | Found a white marble altar of Elyvilon.
  6075 | D:8      | Reached * piety under Okawaru
  6412 | D:8      | Found a staircase to the Lair.
  6763 | D:9      | Noticed Necrophagist's ghost (journeyman HOFi)
  6771 | D:9      | Killed Necrophagist's ghost
  6771 | D:9      | Reached ** piety under Okawaru
  6771 | D:9      | Reached XP level 10. HP: 51/93 MP: 6/9
  6936 | D:9      | Noticed a two-headed ogre
  6943 | D:9      | Killed a two-headed ogre
  6943 | D:9      | Reached skill level 10 in Fighting
  6979 | D:9      | Found a radiant altar of Vehumet.
  7007 | D:9      | Found Vemops's Antique Weapon Boutique.
  7100 | D:9      | Found a roughly hewn altar of Beogh.
  7404 | D:9      | Reached *** piety under Okawaru
  7406 | D:9      | Found a bloodstained altar of Trog.
  7406 | D:9      | Found a basalt altar of Yredelemnul.
  7414 | D:9      | Found a shattered altar of Ashenzari.
  7416 | D:9      | Found a snail-covered altar of Cheibriados.
  7419 | D:9      | Found a hazy altar of Hepliaklqana.
  7500 | D:9      | Found a staircase to the Orcish Mines.
  8072 | D:9      | Reached **** piety under Okawaru
  8141 | D:10     | Entered Level 10 of the Dungeon
  8206 | D:10     | Reached XP level 11. HP: 85/101 MP: 10/10
  8531 | D:10     | Noticed a two-headed ogre
  8539 | D:10     | Killed a two-headed ogre
  8688 | D:10     | Reached ***** piety under Okawaru
  8717 | D:10     | Noticed a three-headed hydra
  8723 | D:10     | Killed a three-headed hydra
  8796 | D:10     | Noticed a two-headed ogre
  8804 | D:10     | Killed a two-headed ogre
  9052 | D:11     | Noticed SirMumm's ghost (journeyman GrWz)
  9223 | D:11     | Killed SirMumm's ghost
  9223 | D:11     | Reached skill level 15 in Maces & Flails
  9612 | D:11     | Noticed Necrophagist's ghost (journeyman HOFi)
  9615 | D:11     | Noticed a seven-headed hydra
  9628 | D:11     | Killed Necrophagist's ghost
  9636 | D:11     | Killed a seven-headed hydra
  9636 | D:11     | Received a gift from Okawaru
  9863 | D:11     | Noticed a purple ugly thing
  9870 | D:11     | Killed a purple ugly thing
  9878 | D:11     | Reached XP level 12. HP: 110/110 MP: 11/11
 10102 | D:11     | Noticed Snorg
 10117 | D:11     | Killed Snorg
 10354 | D:11     | Reached skill level 10 in Armour
 10474 | D:11     | Noticed a death knight
 10489 | D:11     | Killed a death knight
 10732 | D:11     | Reached skill level 10 in Shields
 10957 | D:12     | Noticed teo's ghost (journeyman GrEE)
 10999 | D:12     | Killed teo's ghost
 10999 | D:12     | Received a gift from Okawaru
 11136 | D:12     | Got a pair of warped boots {god gift}
 11144 | D:12     | Identified the +3 pair of boots of Bitterness {Int+4 Slay+3} (Okawaru gifted it to you on level 12 of the Dungeon)
 11194 | D:12     | Found Buozoxt's Weapon Boutique.
 11358 | D:12     | Reached skill level 1 in Evocations
 11547 | D:13     | Found a labyrinth entrance.
 11547 | D:13     | Noticed Nessos
 11557 | D:13     | Killed Nessos
 11582 | Lab      | Entered a labyrinth
 12339 | Lab      | Noticed a minotaur
 12347 | Lab      | Killed a minotaur
 12347 | Lab      | Reached XP level 13. HP: 117/117 MP: 10/13
 12508 | D:13     | Found Ytosuox's Weapon Shoppe.
 12572 | D:13     | Noticed Erolcha
 12581 | D:13     | Killed Erolcha
 12710 | D:13     | Noticed Kirke
 12723 | D:13     | Killed Kirke
 12861 | D:13     | Noticed Josephine
 12876 | D:13     | Reached ****** piety under Okawaru
 12876 | D:13     | Received a gift from Okawaru
 12884 | D:13     | Killed Josephine
 13006 | D:13     | Found Corug's Food Emporium.
 13274 | D:14     | Received a gift from Okawaru
 13357 | D:14     | Found a gate to the Vaults.
 14135 | D:15     | Entered Level 15 of the Dungeon
 14177 | D:15     | Received a gift from Okawaru
 14177 | D:15     | Reached XP level 14. HP: 67/128 MP: 9/16
 14710 | D:15     | Noticed Sonja
 14713 | D:15     | Killed Sonja
 15303 | D:15     | Reached skill level 5 in Evocations
 15778 | D:15     | Found a staircase to the Depths.
 16148 | Lair:1   | Entered Level 1 of the Lair of Beasts
 16436 | Lair:1   | Received a gift from Okawaru
 16437 | Lair:1   | Got a jewelled quarterstaff {god gift}
 17015 | Lair:2   | Got a pair of fine boots
 17032 | Lair:2   | Identified the +2 pair of boots of Xom's Favour {-Cast Int+5} (You found it on level 2 of the Lair of Beasts)
 17288 | Lair:2   | Found a staircase to the Shoals.
 17413 | Lair:2   | Got a dazzling scale mail
 17424 | Lair:2   | Identified the +5 scale mail "Fekkoak" {rF+} (You found it on level 2 of the Lair of Beasts)
 17794 | Lair:2   | Was placed under penance by Okawaru
 18283 | Lair:3   | Found a staircase to the Snake Pit.
 18563 | Lair:3   | Identified the Grimoire of Fetching Changing
 18781 | Lair:4   | Was forgiven by Okawaru
 19084 | Lair:4   | Reached XP level 15. HP: 132/137 MP: 18/18
 19332 | Lair:4   | Received a gift from Okawaru
 20356 | Lair:6   | Entered Level 6 of the Lair of Beasts
 20652 | Lair:6   | Identified a scroll of acquirement
 20653 | Lair:6   | Got a warped lead ring
 20655 | Lair:6   | Identified the ring "Zouhego" {-Tele rPois rN+ MP+9 Slay+5} (You acquired it on level 6 of the Lair of Beasts)
 20705 | Lair:6   | Found a staircase to the Slime Pits.
 21421 | Orc:1    | Entered Level 1 of the Orcish Mines
 21702 | Orc:2    | Entered Level 2 of the Orcish Mines
 21718 | Orc:2    | Found a roughly hewn altar of Beogh.
 21721 | Orc:2    | Reached skill level 15 in Fighting
 21880 | Orc:2    | Received a gift from Okawaru
 22008 | Orc:2    | Found a staircase to the Elven Halls.
 22111 | Orc:2    | Found Posit's Assorted Antiques.
 22230 | Orc:2    | Found Nuar's General Store.
 22241 | Orc:2    | Found Yfek's Antique Armour Boutique.
 22266 | Orc:2    | Bought a scroll of identify for 76 gold pieces
 22267 | Orc:2    | Bought a potion of heal wounds for 190 gold pieces
 22271 | Orc:2    | Found Laot's Assorted Antiques.
 22280 | Orc:2    | Bought a potion of heal wounds for 120 gold pieces
 22280 | Orc:2    | Bought a scroll of identify for 48 gold pieces
 22280 | Orc:2    | Bought a scroll of identify for 48 gold pieces
 22316 | Orc:2    | Bought a glowing plate armour for 858 gold pieces
 22582 | Shoals:1 | Entered Level 1 of the Shoals
 22804 | Shoals:1 | Noticed Frances
 22852 | Shoals:1 | Killed Frances
 22852 | Shoals:1 | Reached XP level 16. HP: 121/147 MP: 20/20
 23446 | Shoals:2 | Received a gift from Okawaru
 23473 | Shoals:2 | Got a transparent morningstar
 23474 | Shoals:2 | Identified the +8 morningstar of Anxiety {freeze, +Inv rPois Dex-2} (You found it on level 2 of the Shoals)
 23482 | Shoals:2 | Noticed Donald
 23494 | Shoals:2 | Killed Donald
 23707 | Shoals:2 | Noticed Nikola
 24092 | Shoals:1 | Killed Nikola
 24693 | Shoals:3 | Found a frozen archway.
 24721 | IceCv    | Entered an ice cave
 25111 | IceCv    | Received a gift from Okawaru
 25496 | IceCv    | Noticed an Ice Fiend
 25510 | IceCv    | Killed an Ice Fiend
 26513 | Snake:1  | Entered Level 1 of the Snake Pit
 27151 | Snake:1  | Noticed Aizul
 27159 | Snake:1  | Killed Aizul
 27206 | Snake:1  | Reached skill level 15 in Shields
 27786 | Snake:2  | You fall through a shaft!
 27919 | Snake:2  | Received a gift from Okawaru
 28158 | Snake:2  | Reached skill level 15 in Armour
 28360 | Snake:2  | Reached XP level 17. HP: 154/158 MP: 22/22
 29084 | Snake:3  | Found Humuep's Antique Weapon Shop.
 29085 | Snake:3  | Found Ziluam's Distillery.
 29097 | Snake:3  | Bought a potion of heal wounds for 80 gold pieces
 29675 | Snake:4  | Entered Level 4 of the Snake Pit
 30010 | Snake:4  | Received a gift from Okawaru
 30408 | Snake:4  | Reached skill level 10 in Evocations
 30949 | Snake:4  | Reached XP level 18. HP: 154/168 MP: 24/24
 30993 | Snake:4  | Received a gift from Okawaru
 31269 | Snake:4  | Found a runed door.
 31367 | Snake:4  | Identified Bygoxken's Handbook of Unholy Execration
 31545 | Snake:4  | Got a serpentine rune of Zot
 32224 | Shoals:4 | Entered Level 4 of the Shoals
 32681 | Shoals:4 | Got a barnacled rune of Zot
 33323 | Shoals:4 | Received a gift from Okawaru
 33423 | Shoals:4 | Noticed Ilsuiw
 33470 | Shoals:4 | Noticed Iskender's ghost (adept OpVM)
 33487 | Shoals:4 | Killed Iskender's ghost
 33918 | Shoals:4 | Killed Ilsuiw
 34276 | Shoals:4 | Noticed Polyphemus
 34299 | Shoals:4 | Killed Polyphemus
 35304 | Elf:1    | Entered Level 1 of the Elven Halls
 35396 | Elf:1    | Reached XP level 19. HP: 178/178 MP: 26/26
 35724 | Elf:1    | Found Soom's Distillery.
 35732 | Elf:1    | Bought a potion of heal wounds for 65 gold pieces
 35732 | Elf:1    | Bought a potion of invisibility for 104 gold pieces
 35732 | Elf:1    | Bought a potion of heal wounds for 65 gold pieces
 35875 | Elf:1    | Received a gift from Okawaru
 36345 | Elf:1    | Found Tyishoq's Jewellery Shoppe.
 36346 | Elf:1    | Found Zadghithru's Gadget Boutique.
 36346 | Elf:1    | Found Waeph's Gadget Boutique.
 36572 | Elf:2    | Found Ucsuheank's Armour Shoppe.
 36661 | Elf:2    | Found a runed gate.
 36661 | Elf:2    | Found a runed gate.
 36661 | Elf:2    | Found a runed gate.
 37805 | Elf:3    | Entered Level 3 of the Elven Halls
 37809 | Elf:3    | Found Heschi's Humungous Hoard.
 38209 | Elf:3    | Received a gift from Okawaru
 38387 | Elf:3    | Got a translucent chain mail {god gift}
 38399 | Elf:3    | Identified the +0 chain mail of Xuixtaokk {rF+ rC+ Int-5} (Okawaru gifted it to you on level 3 of the Elven Halls)
 38432 | Elf:3    | Found a radiant altar of Vehumet.
 39263 | Elf:3    | Reached XP level 20. HP: 181/189 MP: 28/28
 39802 | Elf:3    | Noticed Saint Roka
 39832 | Elf:3    | Killed Saint Roka
 40322 | Elf:3    | Received a gift from Okawaru
 40376 | Elf:3    | Got a spiked chain mail
 40393 | Elf:3    | Identified the +4 chain mail of the Monkey's Uncle {rCorr Dex+4} (You took it off an orc warrior on level 3 of the Elven Halls)
 40428 | Elf:3    | Got a smoking ring mail
 40446 | Elf:3    | Identified the +2 ring mail "Oppio" {rF+++ rC- Regen+ Dex-5} (You took it off an orc on level 3 of the Elven Halls)
 40598 | Elf:3    | Cast into level 2 of the Abyss (a deep elf sorcerer)
 41096 | Elf:3    | Escaped the Abyss
 41187 | Elf:3    | Got a scintillating granite ring
 41191 | Elf:3    | Identified the ring "Rioc" {+Inv rPois rF- rC+ Int-5} (You took it off an orc on level 3 of the Elven Halls)
 41607 | Elf:3    | Received a gift from Okawaru
 41609 | Elf:3    | Got a crude morningstar {god gift}
 41654 | Elf:3    | Identified the +6 morningstar of Ziyptase {drain, Str+6} (Okawaru gifted it to you on level 3 of the Elven Halls)
 42114 | Vaults:1 | Entered Level 1 of the Vaults
 42451 | Vaults:1 | Received a gift from Okawaru
 42468 | Vaults:1 | Reached XP level 21. HP: 103/199 MP: 13/29
 43871 | Vaults:2 | Received a gift from Okawaru
 44144 | Vaults:2 | Received a gift from Okawaru
 44594 | Vaults:2 | Got a pair of steaming boots
 44605 | Vaults:2 | Identified the +2 pair of boots of the Clam {rF+ rN+} (You acquired it on level 2 of the Vaults)
 44751 | Vaults:2 | Found Dimupob's Jewellery Emporium.
 44754 | Vaults:2 | Bought the amulet "Sonive Xoosh" {Spirit MR+} for 766 gold pieces
 44894 | Vaults:2 | Got a vibrating brass ring
 44941 | Vaults:2 | Identified the ring of Lesser Demons {rF+ rN+ Int+3 Dex+4} (You took it off an ironbrand convoker on level 2 of the Vaults)
 45135 | Vaults:2 | Noticed a golden dragon
 45137 | Vaults:2 | Received a gift from Okawaru
 45151 | Vaults:2 | Killed a golden dragon
 45156 | Vaults:2 | Received a gift from Okawaru
 45427 | Vaults:2 | Reached XP level 22. HP: 127/211 MP: 27/31
 46208 | Vaults:3 | Received a gift from Okawaru
 46361 | Vaults:3 | Noticed Jory
 46375 | Vaults:3 | Killed Jory
 47235 | Vaults:3 | Received a gift from Okawaru
 47420 | Vaults:3 | Found a staircase to the Crypt.
 47827 | Vaults:4 | Noticed Margery
 47866 | Vaults:4 | Killed Margery
 48125 | Vaults:4 | Found Ryemir's Book Shoppe.
 48278 | Vaults:4 | Noticed SirMumm's ghost (veteran GrWz)
 48307 | Vaults:4 | Killed SirMumm's ghost
 48522 | Vaults:4 | Received a gift from Okawaru
 49038 | Vaults:4 | Reached XP level 23. HP: 220/220 MP: 33/33
 49050 | Vaults:4 | Received a gift from Okawaru
 49210 | Vaults:5 | Entered Level 5 of the Vaults
 49249 | Vaults:4 | Reached skill level 15 in Evocations
 49527 | Vaults:5 | Noticed an ancient lich
 49532 | Vaults:5 | Received a gift from Okawaru
 49549 | Vaults:5 | Killed an ancient lich
 50416 | Vaults:5 | Received a gift from Okawaru
 50662 | Vaults:5 | Identified the Incunabulum of Helpful Arcane Weapons
 50740 | Vaults:5 | Got steaming shadow dragon scales
 50792 | Vaults:5 | Identified the +4 shadow dragon scales "Mozem" {rElec Stlth++++} (You found it on level 5 of the Vaults)
 50822 | Vaults:5 | Identified Sif Muna's Grimoire of Feathers
 51014 | Vaults:5 | Reached XP level 24. HP: 231/231 MP: 33/33
 51196 | Vaults:5 | Got a wavering jade ring
 51202 | Vaults:5 | Got a transparent garnet amulet
 51204 | Vaults:5 | Identified the ring of Cuenlu Baisa {Fire Str+5} (You took it off a deep elf mage on level 5 of the Vaults)
 51208 | Vaults:5 | Identified the amulet of Jasav {Reflect rPois SH+3} (You took it off an ogre mage on level 5 of the Vaults)
 51279 | Vaults:5 | Identified Witchcraft in Simple Steps
 51328 | Vaults:5 | Got a silver rune of Zot
 51994 | Depths:1 | Entered Level 1 of the Depths
 52028 | Depths:1 | Received a gift from Okawaru
 52186 | Depths:1 | Found a one-way gate to the infinite horrors of the Abyss.
 52216 | Depths:1 | Found a gateway to Hell.
 52354 | Depths:1 | Found a shimmering altar of Xom.
 52484 | Depths:1 | Got a heavily runed bronze amulet
 52661 | Depths:1 | Identified the amulet "Ajoux" {Reflect rC+ SH+3} (You found it on level 1 of the Depths)
 52664 | Depths:1 | Got a pair of faintly humming gloves
 52675 | Depths:1 | Identified the +0 pair of gloves of Osiogok {rElec rPois Int-4} (You acquired it on level 1 of the Depths)
 52826 | Depths:1 | Found a shattered altar of Ashenzari.
 53213 | Hell     | Entered the Vestibule of Hell
 53218 | Hell     | Noticed Geryon
 53232 | Hell     | Received a gift from Okawaru
 53263 | Hell     | Killed Geryon
 55083 | Depths:2 | Received a gift from Okawaru
 55272 | Depths:2 | Reached XP level 25. HP: 238/238 MP: 34/34
 55485 | Depths:2 | Got a faintly glowing amber ring
 55487 | Depths:2 | Identified the ring "Alioha" {Ice Int+3 Dex+4} (You found it on level 2 of the Depths)
 55838 | Depths:3 | Found a one-way gate leading to the halls of Pandemonium.
 55871 | Depths:3 | Found a flickering gateway to a bazaar.
 55897 | Bazaar   | Entered a bazaar
 55904 | Bazaar   | Found Vezxebil's Antique Armour Shop.
 55918 | Bazaar   | Found Ohoimaf's Food Boutique.
 55932 | Bazaar   | Found Vafetoq's Distillery.
 55940 | Bazaar   | Bought a potion of cancellation for 64 gold pieces
 55940 | Bazaar   | Bought a potion of heal wounds for 40 gold pieces
 55940 | Bazaar   | Bought a potion of haste for 80 gold pieces
 55940 | Bazaar   | Bought a potion of haste for 80 gold pieces
 55946 | Bazaar   | Found Eqi Heyr's Food Boutique.
 55960 | Bazaar   | Found Veipuas's Assorted Antiques.
 55974 | Bazaar   | Found Kusotaxt's Food Boutique.
 55988 | Bazaar   | Found Ejoggaocko's Weapon Shop.
 56056 | Depths:3 | Found a gateway to a ziggurat.
 56115 | Zig:1    | Entered Level 1 of a ziggurat
 56141 | Zig:2    | Entered Level 2 of a ziggurat
 56145 | Zig:2    | Paralysed by a floating eye for 4 turns
 56150 | Zig:2    | Received a gift from Okawaru
 56167 | Zig:3    | Entered Level 3 of a ziggurat
 56214 | Zig:4    | Entered Level 4 of a ziggurat
 56215 | Zig:4    | Noticed a greater mummy
 56235 | Zig:4    | Killed a greater mummy
 56295 | Zig:5    | Entered Level 5 of a ziggurat
 56342 | Zig:6    | Entered Level 6 of a ziggurat
 56789 | Zig:6    | Got a shimmering lapis lazuli ring
 56792 | Zig:6    | Identified the ring "Inefity" {*Tele rF- Str+4} (You found it on level 6 of a ziggurat)
 56798 | Zig:7    | Entered Level 7 of a ziggurat
 56910 | Zig:8    | Entered Level 8 of a ziggurat
 57130 | Zig:9    | Entered Level 9 of a ziggurat
 57137 | Zig:9    | Noticed Ydileitz the pandemonium lord
 57205 | Zig:9    | Killed Ydileitz the pandemonium lord
 57670 | Zig:9    | Got a coiled wooden ring
 57672 | Zig:9    | Identified the ring of No Interval {*Corrode rElec Dex+5 Slay-3 SInv} (You found it on level 9 of a ziggurat)
 57688 | Zig:9    | Got a warped plate armour
 57699 | Zig:9    | Identified the +2 plate armour "Uzaskomya" {SInv} (You found it on level 9 of a ziggurat)
 57714 | Zig:10   | Entered Level 10 of a ziggurat
 57746 | Zig:10   | Noticed a greater mummy
 57771 | Zig:10   | Killed a greater mummy
 58242 | Zig:10   | Reached XP level 26. HP: 217/252 MP: 34/34
 58508 | Depths:3 | Received a gift from Okawaru
 59091 | Depths:4 | Reached XP level 27. HP: 259/259 MP: 34/34
 59205 | Depths:4 | Noticed Louise
 59214 | Depths:4 | Killed Louise
 59640 | Depths:5 | Entered Level 5 of the Depths
 59687 | Depths:5 | Reached skill level 27 in Maces & Flails
 59698 | Depths:5 | Received a gift from Okawaru
 59722 | Depths:5 | Identified a +2 pair of boots of running (Okawaru gifted it to you on level 5 of the Depths)
 59791 | Depths:5 | Found a gate to the Realm of Zot.
 59866 | Depths:5 | Noticed Boris
 59884 | Depths:5 | Killed Boris
 60196 | Depths:5 | Noticed Sojobo
 60214 | Depths:5 | Killed Sojobo
 60543 | Depths:5 | Noticed Mennas
 60558 | Depths:5 | Killed Mennas
 60604 | Depths:5 | Noticed Jorgrun
 60611 | Depths:5 | Killed Jorgrun
 61174 | Hell     | Noticed Murray
 62034 | Hell     | Killed Murray
 62081 | Hell     | Received a gift from Okawaru
 62177 | Hell     | Found a gateway to the freezing wastes of Cocytus.
 62288 | Hell     | Found a gateway to the Iron City of Dis.
 62368 | Hell     | Found a gateway to the ashen valley of Gehenna.
 62527 | Hell     | Found a gateway to the decaying netherworld of Tartarus.
 62840 | Zot:1    | Entered Level 1 of the Realm of Zot
 63456 | Zot:1    | Received a gift from Okawaru
 63730 | Zot:1    | Noticed an orb of fire
 63743 | Zot:1    | Gained mutation: Your spells are a little easier to cast, but a little less powerful. [an orb of fire]
 63745 | Zot:1    | Killed an orb of fire
 64379 | Zot:2    | Found Wiunko Ynooc's Changing Room.
 64500 | Zot:2    | Received a gift from Okawaru
 66017 | Zot:3    | Received a gift from Okawaru
 66020 | Zot:3    | Got a warped morningstar {god gift}
 66021 | Zot:3    | Identified the +9 morningstar "Leazekon" {crush, Str+2 Dex+5} (Okawaru gifted it to you on level 3 of the Realm of Zot)
 67249 | Zot:3    | Received a gift from Okawaru
 67250 | Zot:3    | Got a pair of distressingly furry gloves {god gift}
 67251 | Zot:3    | Identified the +1 pair of gloves of Satisfaction {rPois rF+ Str+2} (Okawaru gifted it to you on level 3 of the Realm of Zot)
 68406 | Zot:4    | Noticed an orb of fire
 68413 | Zot:4    | Gained mutation: You occasionally shout uncontrollably at your foes. [an orb of fire]
 68414 | Zot:4    | Gained mutation: You are clumsy. (Dex -2) [an orb of fire]
 68425 | Zot:4    | Killed an orb of fire
 68841 | Zot:4    | Found a huge runed gate.
 68842 | Zot:4    | Found a huge runed gate.
 68842 | Zot:4    | Found a huge runed gate.
 68842 | Zot:4    | Found a huge runed gate.
 68842 | Zot:4    | Found a huge runed gate.
 68842 | Zot:4    | Found a huge runed gate.
 68842 | Zot:4    | Found a huge runed gate.
 68843 | Zot:4    | Found a huge runed gate.
 68845 | Zot:4    | Found a huge runed gate.
 68845 | Zot:4    | Found a huge runed gate.
 68846 | Zot:4    | Found a huge runed gate.
 68846 | Zot:4    | Found a huge runed gate.
 68846 | Zot:4    | Found a huge runed gate.
 68847 | Zot:4    | Found a huge runed gate.
 68847 | Zot:4    | Found a huge runed gate.
 68878 | Zot:4    | Found a huge runed gate.
 68884 | Zot:4    | Found a huge runed gate.
 68885 | Zot:4    | Found a huge runed gate.
 68893 | Zot:4    | Found a huge runed gate.
 68893 | Zot:4    | Found a huge runed gate.
 68893 | Zot:4    | Found a huge runed gate.
 68893 | Zot:4    | Found a huge runed gate.
 69180 | Zot:4    | Noticed an orb of fire
 69181 | Zot:4    | Noticed an orb of fire
 69194 | Zot:4    | Gained mutation: Scrolls take you a little longer to read. [an orb of fire]
 69197 | Zot:4    | Lost mutation: Scrolls take you a little longer to read. [an orb of fire]
 69200 | Zot:4    | Gained mutation: You do not regenerate when monsters are visible. [an orb of fire]
 69201 | Zot:4    | Gained mutation: Your magical capacity is low. (-10% MP) [an orb of fire]
 69202 | Zot:4    | Killed an orb of fire
 69212 | Zot:4    | Gained mutation: Your magical capacity is very low. (-20% MP) [an orb of fire]
 69215 | Zot:4    | Killed an orb of fire
 69245 | Zot:4    | Received a gift from Okawaru
 69245 | Zot:4    | Reached skill level 27 in Armour
 69250 | Zot:4    | HP: 10/269 [??? (5)]
 70208 | Zot:5    | Entered Level 5 of the Realm of Zot
 70496 | Zot:5    | Reached skill level 27 in Fighting
 70567 | Zot:5    | Noticed an ancient lich
 70581 | Zot:5    | Killed an ancient lich
 70691 | Zot:5    | Noticed an ancient lich
 70704 | Zot:5    | Noticed an orb of fire
 70705 | Zot:5    | Killed an ancient lich
 70707 | Zot:5    | Gained mutation: Your body sometimes deteriorates upon taking damage. [an orb of fire]
 70719 | Zot:5    | Killed an orb of fire
 70719 | Zot:5    | Received a gift from Okawaru
 70780 | Zot:5    | Noticed an orb of fire
 70792 | Zot:5    | Gained mutation: You tend to lose your temper in combat. [an orb of fire]
 70794 | Zot:5    | Killed an orb of fire
 70922 | Zot:5    | Killed from afar by an electric golem

Skill      XL: |  1  2  3  4  5  6  7  8  9 10 11 12 13 14 15 16 17 18 19 20 21 22 23 24 25 26 27 |
---------------+----------------------------------------------------------------------------------+-----
Maces & Flails | 3 5 6 7 9 11 12 14 15 16 18 19 20 21 22 23 24 25 26 27 | 27.0
Fighting       | 4 5 6 7 8 9 10 11 12 13 14 15 16 17 18 19 20 21 22 23 27 | 27.0
Armour         | 4 6 7 9 11 12 13 15 16 17 18 19 21 22 23 24 27 | 27.0
Shields        | 4 6 7 9 10 12 13 14 15 16 17 18 19 20 21 22 23 26 | 26.9
Evocations     | 2 4 6 7 9 10 11 12 13 14 15 16 17 21 | 21.2

Action                   |  1- 3 |  4- 6 |  7- 9 | 10-12 | 13-15 | 16-18 | 19-21 | 22-24 | 25-27 || total
-------------------------+-------+-------+-------+-------+-------+-------+-------+-------+-------++-------
Melee: Flail             |    59 |    35 |   180 |   631 |       |       |       |       |       ||   905
       Headbutt          |    12 |    20 |    65 |   187 |   347 |   299 |   334 |   585 |   828 ||  2677
       Morningstar       |       |    74 |   131 |    99 |  1107 |  1139 |   782 |       |       ||  3332
       Kick              |       |       |    79 |   286 |       |       |       |       |       ||   365
       Demon whip        |       |       |       |       |       |       |   352 |  1477 |  2000 ||  3829
Throw: Javelin           |       |       |     4 |    13 |    30 |   138 |    13 |     2 |    45 ||   245
Invok: Heroism           |       |       |     1 |     8 |    15 |    11 |     4 |     4 |     5 ||    48
       Finesse           |       |       |       |     2 |     1 |       |       |       |       ||     3
 Abil: Evoke Invisibilit |       |       |       |       |       |     4 |     2 |       |       ||     6
Evoke: Wand              |       |       |       |     1 |    12 |    31 |    40 |    37 |    34 ||   155
       Phantom mirror    |       |       |       |       |       |       |       |     1 |       ||     1
       Lightning rod     |       |       |       |       |       |       |       |       |     4 ||     4
       Phial of floods   |       |       |       |       |       |       |       |       |     1 ||     1
  Use: Scroll            |       |       |    11 |     6 |    20 |    11 |    25 |    13 |    26 ||   112
       Potion            |       |       |       |       |     2 |     4 |     5 |       |    20 ||    31
 Stab: Petrified         |       |       |       |       |     5 |     1 |       |       |       ||     6
       Invisible         |       |       |       |       |       |     1 |     3 |       |     7 ||    11
       Distracted        |       |       |       |       |       |       |       |       |     1 ||     1
  Eat: Chunk             |       |     7 |    14 |    16 |    31 |    30 |    34 |    29 |    36 ||   197
       Royal jelly       |       |       |       |     1 |     3 |     6 |       |     1 |     7 ||    18
Armor: Scale mail        |    18 |    37 |    79 |    32 |       |       |       |       |       ||   166
       Leather armour    |       |       |     6 |       |       |       |       |       |       ||     6
       Plate armour      |       |       |       |    86 |   253 |   316 |   165 |       |       ||   820
       Gold dragon scale |       |       |       |       |       |       |     4 |   279 |   499 ||   782
Dodge: Dodged            |    12 |    33 |    61 |    54 |    72 |   102 |    52 |    88 |   141 ||   615
Block: Shield            |    28 |    58 |   162 |   234 |       |       |       |       |       ||   482
       Large shield      |       |       |       |   284 |  1240 |  1660 |   978 |  1468 |  2064 ||  7694
       Reflection        |       |       |       |       |       |       |       |    61 |    64 ||   125
       Rpst.: Demon whip |       |       |       |       |       |       |       |     3 |    11 ||    14
